 Dungeon Crawl Stone Soup version 0.29-a0-824-gd827844252 (webtiles) character file.

Game seed: 13444015313316978556

1336 gobodom the Stinger (level 8, -1/49 (54) HPs)
             Began as a Demonspawn Venom Mage on July 11, 2022.
             Slain by a wight
             ... wielding a +0 long sword
              (13 damage)
             ... on level 6 of the Dungeon.
             The game lasted 00:20:16 (6635 turns).

gobodom the Stinger (Demonspawn Venom Mage)         Turns: 6635, Time: 00:20:16

HP:   -1/49 (54)    AC:  5    Str:  8    XL:     8   Next: 35%
MP:   14/16         EV: 12    Int: 20    God:
Gold: 342           SH:  4    Dex:  9    Spells: 11/17 levels left

rFire   . . .      SeeInvis .   y - +2 dagger (venom)
rCold   . . .      Faith    .   (no shield)
rNeg    + + .      Spirit   .   t - +0 robe of Faneggaff {rPois rN++ Regen+ Dex-4}
rPois   +          Reflect  .   j - +2 hat
rElec   .          Harm     .   (no cloak)
rCorr   .          Rampage  .   (no gloves)
Will    .....                   h - +0 pair of boots
Stlth   ++........              g - amulet of the acrobat
HPRegen 0.96/turn               (no ring)
MPRegen 0.15/turn               (no ring)

@: drained
A: large bone plates 1, foul stench 1, demonic touch 2
a: no special abilities


You were on level 6 of the Dungeon.
You visited 1 branch of the dungeon, and saw 6 of its levels.

You collected 364 gold pieces.
You spent 22 gold pieces at shops.

Inventory:

Hand Weapons
 y - a +2 dagger of venom (weapon)
Missiles
 i - 14 poisoned darts
Armour
 a - a +0 robe
 h - a +0 pair of boots (worn)
 j - a +2 hat (worn)
 t - the +0 robe of Faneggaff (worn) {rPois rN++ Regen+ Dex-4}
   (You found it on level 3 of the Dungeon)

   Dex:       It affects your dexterity (-4).
   rPois:     It protects you from poison.
   rN:        It greatly protects you from negative energy.
   Regen:     It increases your rate of health regeneration.
Jewellery
 g - an amulet of the acrobat (around neck)
Scrolls
 c - 2 scrolls of blinking
 e - 2 scrolls of vulnerability
 f - 2 scrolls of fear {unknown}
 l - a scroll of amnesia {unknown}
 m - 2 scrolls of teleportation
 n - a scroll of magic mapping {unknown}
 r - 4 scrolls of immolation {unknown}
 s - 2 scrolls of torment {unknown}
 u - a scroll of poison {unknown}
 w - a scroll of enchant weapon {unknown}
Potions
 b - 2 potions of magic
 d - a potion of attraction
 k - 4 potions of curing {unknown}
 o - 4 potions of might
 q - a potion of berserk rage
 v - a potion of brilliance
 x - 2 potions of mutation
 z - a potion of degeneration {unknown}
 A - 3 potions of lignification {unknown}


   Skills:
 + Level 1.3 Fighting
 + Level 0.7 Short Blades
 + Level 0.1 Throwing
 + Level 2.8 Dodging
 + Level 2.7 Stealth
 + Level 0.6 Shields
 + Level 0.3 Unarmed Combat
 + Level 5.4 Spellcasting
 + Level 3.8 Transmutations
 + Level 1.0 Air Magic
 + Level 6.5 Poison Magic


You had 11 spell levels left.
You knew the following spells:

 Your Spells              Type           Power      Damage    Failure   Level
a - Sting                 Tmut/Pois      100%       1d8       1%          1
b - Poisonous Vapours     Pois/Air       40%        N/A       3%          2
c - Spider Form           Tmut/Pois      26%        N/A       3%          3

Your spell library contained the following spells:

 Spells                   Type           Power      Damage    Failure   Level
 Passwall                 Tmut/Erth      10%        N/A       8%          2
 Olgreb's Toxic Radiance  Pois           31%        N/A       8%          4
 Mephitic Cloud           Conj/Pois/Air  15%        N/A       12%         3
 Ensorcelled Hibernation  Hex/Ice        10%        N/A       17%         2
 Swiftness                Air            9%         N/A       22%         3
 Portal Projectile        Hex/Tloc       10%        N/A       32%         3
 Tukima's Dance           Hex            5%         N/A       32%         3
 Blade Hands              Tmut           10%        N/A       54%         5
 Anguish                  Hex/Necr       2%         N/A       73%         4
 Passage of Golubria      Tloc           5%         N/A       73%         4
 Yara's Violent Unravell  Hex/Tmut       6%         3d5       80%         5


Dungeon Overview and Level Annotations

Branches:
Dungeon (6/15)             Temple (0/1) D:4

Altars:
Wu Jian

Shops:
D:2 =([!   D:4 [*?(*


Innate Abilities, Weirdness & Mutations

You are partially covered in large bone plates. (SH +4)
You may rarely emit foul miasma when damaged in melee.
Your touch may inflict irresistible damage on your foes.


Message History

You partially resist.
You feel drained.
You hit the wight.
The wight is almost destroyed.
The wight hits you with a +4 great sword!
You hit the wight but do no damage. Your touch misses the wight.
The wight is almost destroyed.
The wight hits you with a +4 great sword!
You partially resist.
You feel drained.
You emit a cloud of foul miasma!
You are too injured to fight recklessly!
You completely miss the wight.
The wight is almost destroyed.
The wight hits you but does no damage.
You hit the wight but do no damage.
The wight is almost destroyed.
The wight hits you with a +4 great sword.
You partially resist.
You feel drained.
You barely miss the wight. Your touch misses the wight.
The wight is almost destroyed.
The wight hits you with a +4 great sword.
You barely miss the wight.
The wight is almost destroyed.
The wight hits you with a +4 great sword!
* * * LOW HITPOINT WARNING * * *
You hit the wight but do no damage.
The wight is almost destroyed.
The wight barely misses you.
You hit the wight.
You destroy the wight!
You are too injured to fight recklessly!
You hit the wight but do no damage.
You touch the wight!
The wight is heavily damaged.
The wight barely misses you.
You hit the wight. Your touch misses the wight.
The wight is severely damaged.
The wight hits you with a +0 long sword.
* * * LOW HITPOINT WARNING * * *
You barely miss the wight.
The wight is severely damaged.
The wight hits you with a +0 long sword!
You die...

######### #.......#########
#.#####.........#
#############.#.......#####.####
#.....)))..##.#z###...#####.....
#.########.##.#@#........#....≈.
#.# #........#...##.#...≈z. #.#
##.....###...##.##.≈≈.. #.#
##..........##.##..... #.#
##.######......)..### #.# #.#
#####.####### #.# #.# ####.## #.
##.####### ##'## #.....# #.
.........# ##...## #.....## #[


You could see a wight.

Vanquished Creatures
  An orc warrior (D:6)
  A black bear (D:6)
  A centaur (D:5)
  2 phantoms (D:6)
  A bullfrog (D:6)
  A scorpion (D:3)
  4 wights (D:6)
  A howler monkey (D:6)
  2 hounds (D:5)
  2 jellies (D:5)
  A gnoll bouda (D:5)
  3 orc priests
  5 orc wizards
  7 gnolls
  4 adders
  A white imp (D:5)
  2 ufetubi
  A worm (D:4)
  3 dart slugs
  14 orcs
  5 bats
  2 endoplasms
  2 giant cockroaches
  4 goblins
  4 hobgoblins
  2 jackals (D:2)
  4 quokkas
  6 ball pythons
  5 frilled lizards
  4 kobolds
  4 rats
99 creatures vanquished.

Notes
Turn   | Place    | Note
-------+----------+-------------------------------------------
     0 | D:1      | gobodom the Demonspawn Venom Mage began the quest for the
                  | Orb.
     0 | D:1      | Reached XP level 1. HP: 13/13 MP: 3/3
   308 | D:1      | Reached skill level 1 in Transmutations
   308 | D:1      | Gained mutation: Your touch may inflict minor irresistible
                  | damage on your foes. [demonic ancestry]
   308 | D:1      | Reached XP level 2. HP: 4/19 MP: 0/5
  1290 | D:1      | Reached XP level 3. HP: 23/24 MP: 3/6
  1602 | D:1      | Learned a level 2 spell: Poisonous Vapours
  1639 | D:2      | Found a faded altar of an unknown god.
  1882 | D:2      | Identified the +4 spear of Noon {holy, Contam Str+4 Stlth+}
  1916 | D:2      | Found Woppiuk's Jewellery Emporium.
  2071 | D:2      | Found Posibly's Antique Weapon Boutique.
  2227 | D:2      | Found Xofahat's Distillery.
  2268 | D:2      | Found Noaqouro's Armour Shop.
  2579 | D:3      | Gained mutation: You are partially covered in large bone
                  | plates. (SH +4) [demonic ancestry]
  2579 | D:3      | Reached XP level 4. HP: 17/30 MP: 3/8
  2619 | D:3      | Noticed a scorpion
  2625 | D:3      | Killed a scorpion
  2626 | D:3      | Reached skill level 4 in Poison Magic
  2910 | D:3      | Gained mutation: You may rarely emit foul miasma when
                  | damaged in melee. [demonic ancestry]
  2910 | D:3      | Reached XP level 5. HP: 35/35 MP: 7/9
  3552 | D:3      | Identified the +0 robe of Faneggaff {rPois rN++ Regen+
                  | Dex-4}
  3730 | D:4      | Found a staircase to the Ecumenical Temple.
  3863 | D:4      | Found Akhlunyn's General Store.
  3932 | D:4      | Found Suwkydgh's Magic Scroll Emporium.
  3950 | D:4      | Found Foawnoej's General Store.
  3998 | D:4      | Bought a scroll of identify for 22 gold pieces
  4103 | D:4      | Found Toeskin's Weapon Emporium.
  4129 | D:4      | Found Tuoffaj's Antique Armour Boutique.
  4196 | D:5      | Entered Level 5 of the Dungeon
  4201 | D:5      | Learned a level 3 spell: Spider Form
  4236 | D:5      | Identified the +8 chain mail of Mexu {Fly}
  4444 | D:5      | Reached XP level 6. HP: 12/42 MP: 9/11
  5399 | D:5      | Reached skill level 5 in Poison Magic
  5399 | D:5      | Gained mutation: Your touch may inflict irresistible damage
                  | on your foes. [demonic ancestry]
  5399 | D:5      | Reached XP level 7. HP: 30/47 MP: 4/13
  6132 | D:6      | Reached skill level 1 in Fighting
  6179 | D:6      | Found an ornate altar of the Wu Jian Council.
  6219 | D:6      | Reached skill level 1 in Air Magic
  6219 | D:6      | Reached XP level 8. HP: 50/54 MP: 10/15
  6303 | D:6      | Reached skill level 6 in Poison Magic
  6554 | D:6      | Reached skill level 5 in Spellcasting
  6635 | D:6      | Slain by a wight

Illustrated notes

Levels and vault maps discovered:
D:1:      dpeg_arrival_round_c, layout_basic, minmay_liquid_box
D:2:      minmay_angry_zag, layout_loops_ring, serial_shops,
          nicolae_shop_window_shopping, shop, shop, shop,
          ebering_ecumenical_altar_rust, nicolae_figureground_pulse
D:3:      layout_basic
D:4:      layout_rooms, minmay_temple_entry_overgrown, serial_shops, shop,
          shop_statue, shop, kennysheep_mini_moat, shop
D:5:      nicolae_cairo_tiling, layout_basic
D:6:      layout_loops_corners, nicolae_wu_jian_wuxing_cycle,
          chequers_serial_rivers_micro_c

Skill      XL: |  1  2  3  4  5  6  7  8 |
---------------+-------------------------+-----
Transmutations | 1 2 3 |  3.8
Stealth        | 2 |  2.7
Dodging        | 2 |  2.8
Spellcasting   | 3 4 5 |  5.4
Poison Magic   | 4 5 6 |  6.5
Fighting       | 1 |  1.3
Air Magic      | 1 |  1.0
Short Blades   | |  0.7
Throwing       | |  0.1
Shields        | |  0.6
Unarmed Combat | |  0.3

Action                   |  1- 3 |  4- 6 |  7- 9 || total
-------------------------+-------+-------+-------++-------
Melee: Unarmed           |    24 |    17 |       ||    41
       Dagger            |    16 |    70 |    96 ||   182
       Touch             |     4 |    12 |    14 ||    30
Throw: Javelin           |       |     1 |     3 ||     4
 Cast: Sting             |    50 |    76 |    38 ||   164
       Spider Form       |       |     2 |       ||     2
       Poisonous Vapours |       |     8 |     8 ||    16
  Use: Scroll            |     3 |     6 |     1 ||    10
       Potion            |       |       |     1 ||     1
 Stab: Sleeping          |       |       |     1 ||     1
Armor: Robe              |     6 |    23 |    16 ||    45
Dodge: Dodged            |    26 |    81 |    54 ||   161
Block: Other             |       |    15 |    16 ||    31

Table legend: (Time is in decaauts)
 A = Elapsed time spent in this place.
 B = Non-inter-level travel time spent in this place.
 C = Inter-level travel time spent in this place.
 D = Time resting spent in this place.
 E = Time spent auto-exploring this place.
 F = Levels seen in this place.
 G = Mean time per level.
                   A        B        C        D        E       F      G
               +--------+--------+--------+--------+--------+-----+--------+
         Total |   6631 |   6449 |    182 |    166 |   5222 |   6 | 1105.2 |
       Dungeon |   6631 |   6449 |    182 |    166 |   5222 |   6 | 1105.2 |
               +--------+--------+--------+--------+--------+-----+--------+

Top non-repeatable levels by time:
     D:1: 1637 daAuts
     D:5: 1407 daAuts
     D:3: 1284 daAuts
     D:6: 1029 daAuts
     D:2: 771 daAuts
     D:4: 500 daAuts
